 Dungeon Crawl Stone Soup version 0.25-a0-861-g340c9e8194 (webtiles) character file.

Game seed: 12309316828397796689, levelgen mode: classic

14730 EnegeticOcto the Cleaver (level 11, -22/108 HPs)
             Began as a Deep Dwarf Fighter on Apr 29, 2020.
             Was an Elder of Makhleb.
             Annihilated by an enormous slime creature (59 damage)
             ... on level 12 of the Dungeon.
             The game lasted 00:05:40 (6415 turns).

EnegeticOcto the Cleaver (Deep Dwarf Fighter)       Turns: 6415, Time: 00:05:40

Health: -22/108    AC: 15    Str: 23    XL:     11   Next: 92%
Magic:  10/10      EV: 11    Int:  9    God:    Makhleb [****..]
Gold:   476        SH:  0    Dex: 12    Spells: 10/10 levels left

rFire    . . .     SeeInvis .   A - +7 battleaxe (vamp)
rCold    + . .     Gourm    .   (shield currently unavailable)
rNeg     + + .     Faith    .   j - +3 chain mail {rN+}
rPois    .         Spirit   .   C - +0 helmet
rElec    .         Reflect  .   q - scarf {cloud immunity}
rCorr    .         Harm     .   (no gloves)
MR       +....                  (no boots)
Stlth    ..........             (no amulet)
HPRegen  0.00/turn              f - ring of protection from cold
MPRegen  0.12/turn              y - ring of positive energy

@: non-regenerating
A: damage resistance, heal wounds, sense surroundings 2, no regeneration
a: Heal Wounds, Minor Destruction, Lesser Servant of Makhleb, Major Destruction,
Renounce Religion


You were on level 12 of the Dungeon.
You worshipped Makhleb.
Makhleb was greatly pleased with you.
You were not hungry.

You visited 1 branch of the dungeon, and saw 12 of its levels.

You collected 476 gold pieces.

Inventory:

Hand Weapons
 A - a +7 vampiric battleaxe (weapon)
Armour
 b - a +0 scale mail
 c - a +0 kite shield
 j - a +3 chain mail of positive energy (worn)
 o - a +0 cloak
 q - a scarf of cloud immunity (worn)
 C - a +0 helmet (worn)
Jewellery
 f - a ring of protection from cold (left hand)
 y - a ring of positive energy (right hand)
 G - an uncursed ring of poison resistance {unknown}
Wands
 h - a wand of iceblast (17)
 p - a wand of flame (16) {@v3}
 F - a wand of scattershot (3)
Scrolls
 a - a scroll of teleportation {@r2}
 d - 4 scrolls of fog
 l - a scroll of immolation {@r4}
 s - 3 scrolls of remove curse {@r6}
 E - a scroll of identify {@r1}
Potions
 g - 3 potions of cancellation {unknown}
 i - 6 potions of heal wounds {@q2}
 k - a potion of might {@q3}
 m - a potion of resistance {@q6}
 n - 8 potions of curing {@q1}
 r - 2 potions of ambrosia {unknown}
 t - a potion of magic {unknown}
 u - a potion of flight {unknown}
 w - a potion of invisibility
 x - 3 potions of haste {unknown}
 z - a potion of brilliance {unknown}
 B - 3 potions of degeneration {unknown}
Comestibles
 e - 18 rations
 D - 3 chunks of flesh


   Skills:
 * Level 10.0 Fighting
 * Level 11.4 Axes
 + Level 8.6 Armour
 + Level 6.0 Dodging
 - Level 5.8 Shields
 * Level 10.1 Invocations


You had 10 spell levels left.
You didn't know any spells.
Your spell library was empty.

Dungeon Overview and Level Annotations

Branches:
Dungeon (12/15)            Temple (0/1) D:7            Lair (0/6) D:10
    Orc (0/2) D:9

Altars:
Cheibriados
Dithmenos
Elyvilon
Gozag
Hepliaklqana
Kikubaaqudgha
Makhleb
Nemelex Xobeh
Qazlal
Uskayaw
Yredelemnul
The Shining One

Annotations:
D:4 3 runed translucent doors, Kohru's ghost, amateur CeHu
D:6 2 transporters, MisterFreud's ghost, novice DrTm
D:7 1 exclusion
D:8 5 runed translucent doors, exclusion: orange crystal statue, wullow's ghost, novice DsFi
D:10 2 runed translucent doors, t4s4d4r's ghost, novice TeSu


Innate Abilities, Weirdness & Mutations

You are resistant to damage.
You can heal yourself by infusing magical energy.
You passively map the area around you.
You do not regenerate.


Message History

The lance of force misses you.
Two slime creatures merge to form a very large slime creature.
The white ugly thing closely misses you.
You closely miss the white ugly thing.
The white ugly thing is lightly wounded.
You hit the rakshasa but do no damage.
You slice the very large slime creature!!
A slime creature suddenly disappears!
The rakshasa misses you.
Two slime creatures merge to form a large slime creature.
The white ugly thing gores you but does no damage.
You slash the very large slime creature!
The very large slime creature is moderately wounded.
You miss the rakshasa. You closely miss the white ugly thing.
The rakshasa hits you but does no damage.
The white ugly thing gores you but does no damage.
The very large slime creature hits you.
You slash the very large slime creature!
The very large slime creature is moderately wounded.
You slash the white ugly thing!
You feel better.
You hit the rakshasa but do no damage.
The rakshasa hits you with a +0 trident.
The white ugly thing gores you but does no damage.
The very large slime creature hits you.
You slice the white ugly thing!!
You feel better.
The white ugly thing is heavily wounded.
You slash the rakshasa! You hit the very large slime creature.
The white ugly thing gores you. The white ugly thing freezes you! You resist.
The rakshasa weaves an illusion.
The slime creature shimmers and seems to become two!
The very large slime creature hits you!
You hit the white ugly thing.
You feel better.
The white ugly thing is severely wounded.
Your chain mail prevents you from hitting the very large slime creature.
You barely miss the rakshasa. The white ugly thing barely misses you.
The rakshasa hits you but does no damage.
A slime creature comes into view.
The very large slime creature barely misses you.
Two slime creatures merge to form an enormous slime creature.
You hit the white ugly thing.
The white ugly thing is severely wounded.
You slash the rakshasa! You hit the enormous slime creature.
You feel better. The white ugly thing gores you.
The white ugly thing freezes you! You resist.
The rakshasa weaves an illusion.
The slime creature shimmers and seems to become two!
The white ugly thing gores you but does no damage.
You closely miss the white ugly thing.
The white ugly thing is severely wounded.
You slash the rakshasa! You slash the enormous slime creature!
You feel better.
Two slime creatures merge to form a very large slime creature.
The rakshasa gestures at you.
The lance of force hits you but does no damage.
The white ugly thing barely misses you.
Some of the chunks of flesh in your inventory have rotted away.
You barely miss the white ugly thing.
The white ugly thing is severely wounded.
You closely miss the rakshasa. You hit the enormous slime creature.
You feel better. The rakshasa gestures at you. The lance of force hits you!
You are knocked back by the lance of force.
You slam into the rock wall!
The enormous slime creature hits you!!!
Ouch! That really hurt!
* * * LOW HITPOINT WARNING * * *
The white ugly thing closely misses you.
The rakshasa hits you but does no damage.
You are too injured to fight recklessly!
You are too injured to fight recklessly!
You are too injured to fight recklessly!
You are too injured to fight recklessly!
You are too injured to fight recklessly!
You are too injured to fight recklessly!
You are too injured to fight recklessly!
You are too injured to fight recklessly!
You are too injured to fight recklessly!
You are too injured to fight recklessly!
You are too injured to fight recklessly!
You are too injured to fight recklessly!
You are too injured to fight recklessly!
You are too injured to fight recklessly!
You are too injured to fight recklessly!
You are too injured to fight recklessly!
You are too injured to fight recklessly!
You are too injured to fight recklessly!
You feel much better. The enormous slime creature hits you!
* * * LOW HITPOINT WARNING * * *
The white ugly thing gores you but does no damage.
The rakshasa hits you from afar with a +0 trident!
* * * LOW HITPOINT WARNING * * *
Two slime creatures merge to form an enormous slime creature.
The enormous slime creature jiggles.
An enormous slime creature splits.
Two slime creatures merge to form a large slime creature.
The rakshasa weaves an illusion.
The white ugly thing shimmers and seems to become two!
There is a stone staircase leading up here.
You feel much better. The enormous slime creature misses you.
A large slime creature splits.
The enormous slime creature hits you!!!
Ouch! That really hurt!
You die...

, ,,,, ...., * ,
* * *
#######..###### ,
, ,
,......JJJ.....+,
, * * * ** #.# *
** , , #R# ,,,, ,
* * *** #u# , ,
#u# * , ,, * #J#
* *** * #@# *, *
* ### * , , , *
** *


You could see 2 ugly things, a rakshasa, an enormous slime creature, 2 large
slime creatures and a slime creature.

Vanquished Creatures
  A hydra (D:11)
  3 two-headed ogres
  An unseen horror (D:10)
  A cyclops (D:11)
  2 centaur zombies (D:11)
  Psyche (D:11)
  A hornet (D:9)
  2 hippogriffs
  10 yaks
  Eustachio (D:5)
  A steam dragon (D:11)
  4 hogs (D:8)
  5 hungry ghosts
  A human (D:8)
  A two-headed ogre zombie (D:9)
  A soldier ant (D:11)
  A water moccasin (D:11)
  An acid dragon (D:9)
  6 orc warriors
  2 sky beasts (D:7)
  3 ice beasts
  3 eyes of draining
  A phantom (D:11)
  10 ogres
  14 centaurs
  2 big kobolds
  5 bullfrogs
  A water moccasin zombie (D:7)
  10 killer bees
  A troll zombie (D:9)
  10 wights
  5 howler monkeys
  6 crimson imps
  2 jellies
  A bullfrog zombie (D:7)
  13 orc wizards
  2 centaur skeletons
  A gnoll shaman (D:4)
  4 orc priests
  5 hounds
  3 bullfrog skeletons
  3 iguanas
  6 worker ants
  6 ogre zombies (D:9)
  A hound zombie (D:11)
  2 worker ant zombies
  4 gnolls (D:4)
  10 adders
  2 shadow imps
  2 oozes
  An adder skeleton (D:10)
  4 worms
  A dart slug (D:5)
  2 leopard geckos
  32 orcs
  4 bats
  3 giant cockroaches
  A hobgoblin (D:2)
  4 jackals
  10 kobolds
  8 quokkas
  3 ball pythons
  2 frilled lizards
  2 goblins (D:2)
  3 goblin zombies (D:9)
  2 hobgoblin skeletons (D:9)
  4 hobgoblin zombies (D:9)
  4 orc skeletons (D:9)
  12 orc zombies (D:9)
  A quokka skeleton (D:7)
  A rat (D:3)
  A spectral orc (D:4)
289 creatures vanquished.

Vanquished Creatures (others)
  An orc wizard (D:11)
  5 plants (D:6)
6 creatures vanquished.

Grand Total: 295 creatures vanquished

Notes
Turn   | Place    | Note
-------+----------+-------------------------------------------
     0 | D:1      | EnegeticOcto the Deep Dwarf Fighter began the quest for the
                  | Orb.
     0 | D:1      | Reached XP level 1. HP: 20/20 MP: 1/1
   141 | D:2      | Reached XP level 2. HP: 25/27 MP: 2/2
   308 | D:3      | Reached XP level 3. HP: 23/34 MP: 3/3
   392 | D:3      | Reached skill level 3 in Axes
   463 | D:4      | Reached XP level 4. HP: 42/42 MP: 4/4
   475 | D:4      | Noticed an ogre
   485 | D:4      | Killed an ogre
   485 | D:4      | Reached XP level 5. HP: 50/50 MP: 5/5
   536 | D:4      | Reached skill level 4 in Axes
   646 | D:4      | Found a runed translucent gate.
   646 | D:4      | Found a runed translucent gate.
   652 | D:4      | Noticed Kohru's ghost (amateur CeHu)
   657 | D:4      | Noticed an ogre
   661 | D:4      | Noticed an ogre
   665 | D:4      | Killed an ogre
   665 | D:4      | Reached XP level 6. HP: 53/58 MP: 5/5
   981 | D:4      | Found a runed translucent gate.
  1169 | D:4      | Found a basalt altar of Yredelemnul.
  1237 | D:5      | Entered Level 5 of the Dungeon
  1306 | D:5      | Found a stormy altar of Qazlal.
  1308 | D:5      | Found a hide-covered altar of Uskayaw.
  1403 | D:5      | Reached skill level 5 in Axes
  1413 | D:5      | Noticed Eustachio
  1427 | D:5      | Killed Eustachio
  1427 | D:5      | Reached skill level 5 in Fighting
  1427 | D:5      | Reached XP level 7. HP: 39/67 MP: 6/6
  1759 | D:5      | Reached skill level 5 in Armour
  1759 | D:5      | Reached skill level 5 in Shields
  1809 | D:5      | Reached skill level 6 in Axes
  1883 | D:5      | Reached XP level 8. HP: 37/75 MP: 6/6
  2027 | D:5      | Found a burning altar of Makhleb.
  2027 | D:5      | Found an ancient bone altar of Kikubaaqudgha.
  2029 | D:5      | Found a snail-covered altar of Cheibriados.
  2229 | D:6      | Noticed a hippogriff
  2243 | D:6      | Killed a hippogriff
  2286 | D:6      | Reached skill level 7 in Axes
  2390 | D:6      | Found a stormy altar of Qazlal.
  2433 | D:6      | Reached skill level 1 in Dodging
  2467 | D:6      | Gained mutation: You passively map the area around you.
                  | [Deep Dwarf growth]
  2467 | D:6      | Reached XP level 9. HP: 58/85 MP: 4/4
  2495 | D:6      | Found a transporter.
  2504 | D:6      | Identified the +9 trident "Otho Odgh" {venom, +Inv rPois
                  | Dex-5 SInv}
  2531 | D:6      | Noticed MisterFreud's ghost (novice DrTm)
  2555 | D:6      | Found a transporter.
  2664 | D:6      | Found a glowing golden altar of the Shining One.
  2728 | D:6      | Found an opulent altar of Gozag.
  2728 | D:6      | Found a sparkling altar of Nemelex Xobeh.
  2839 | D:5      | Became a worshipper of Makhleb the Destroyer
  2894 | D:7      | Reached skill level 1 in Invocations
  2900 | D:7      | Reached skill level 8 in Axes
  3070 | D:7      | Reached * piety under Makhleb
  3141 | D:7      | Found a shadowy altar of Dithmenos.
  3312 | D:7      | Found a staircase to the Ecumenical Temple.
  3455 | D:8      | Reached skill level 9 in Axes
  3455 | D:8      | Reached skill level 5 in Invocations
  3461 | D:8      | Reached XP level 10. HP: 96/96 MP: 7/7
  3929 | D:8      | Found a runed translucent door.
  3936 | D:8      | Found the +10 tower shield of Ignorance {rN+ Int-4}
  3951 | D:8      | Found a runed translucent door.
  3959 | D:8      | Noticed an orange crystal statue
  4101 | D:8      | Found a runed translucent gate.
  4103 | D:8      | Found a runed translucent gate.
  4103 | D:8      | Found an opulent altar of Gozag.
  4104 | D:8      | Noticed wullow's ghost (novice DsFi)
  4105 | D:8      | Found a runed translucent gate.
  4254 | D:9      | Found a staircase to the Orcish Mines.
  4255 | D:9      | Reached ** piety under Makhleb
  4304 | D:9      | Reached *** piety under Makhleb
  4308 | D:9      | Reached skill level 10 in Axes
  4453 | D:9      | Found a white marble altar of Elyvilon.
  4458 | D:9      | Found a hazy altar of Hepliaklqana.
  4701 | D:9      | Reached XP level 11. HP: 45/106 MP: 9/9
  4748 | D:10     | Entered Level 10 of the Dungeon
  4752 | D:10     | Found a large runed translucent door.
  4794 | D:10     | Killed an unseen horror
  4948 | D:10     | Reached skill level 5 in Dodging
  5130 | D:10     | Found a large runed translucent door.
  5131 | D:10     | Noticed t4s4d4r's ghost (novice TeSu)
  5166 | D:10     | Found a staircase to the Lair.
  5528 | D:10     | Noticed a two-headed ogre
  5536 | D:10     | Killed a two-headed ogre
  5584 | D:10     | Reached **** piety under Makhleb
  5672 | D:11     | Noticed a two-headed ogre
  5673 | D:11     | Noticed a two-headed ogre
  5682 | D:11     | Killed a two-headed ogre
  5828 | D:11     | Killed a two-headed ogre
  5830 | D:11     | Reached skill level 11 in Axes
  5853 | D:11     | Noticed Psyche
  5863 | D:11     | Killed Psyche
  6069 | D:11     | Noticed a four-headed hydra
  6088 | D:11     | Killed an 11-headed hydra
  6116 | D:11     | Reached skill level 10 in Invocations
  6184 | D:11     | Reached skill level 10 in Fighting
  6393 | D:12     | Noticed a rakshasa
  6394 | D:12     | Noticed a white ugly thing
  6415 | D:12     | Annihilated by an enormous slime creature

Levels and vault maps discovered:
D:1:      dpeg_arrival_oval, layout_basic, minmay_split_cup_small
D:2:      layout_basic, minmay_misc_feat_roman, cheibrodos_gnoll_hut
D:3:      layout_basic
D:4:      layout_loops_ring, yredelemnul_forgotten_temple_becter,
          gammafunk_ghost_split
D:5:      layout_loops_corners, nicolae_overflow_hidden_temple, first_ration,
          uniq_eustachio
D:6:      layout_cave_pools, grunt_temple_overflow_opulence,
          nicolae_tso_swordbearing_angel, gammafunk_ghost_gnarly_gnolls,
          basic_altar, hangedman_decor_opposing
D:7:      layout_rooms, tgw_sif, nicolae_dithmenos_the_darkroom,
          minmay_temple_entry_statues_pillars
D:8:      layout_basic, ebering_ghost_gozag, grunt_livestock,
          chequers_guarded_unrand_ignorance
D:9:      layout_cave_pools, lemuel_round_altar, lemuel_round_altar,
          zombieorc2_lemuel
D:10:     layout_roguey, lair_entry_dummy, ebering_ghost_disaster_area,
          minmay_door_square, kennysheep_generic_room_10
D:11:     layout_basic, uniq_psyche
D:12:     layout_basic, nicolae_trove_entry_diagonal, minmay_hidden_floor

Skill      XL: |  1  2  3  4  5  6  7  8  9 10 11 |
---------------+----------------------------------+-----
Fighting       | 3 4 5 6 7 9 10 | 10.0
Axes           | 3 4 5 6 7 9 10 11 | 11.4
Armour         | 4 5 6 7 8 |  8.6
Shields        | 4 5 |  5.8
Dodging        | 1 3 4 6 |  6.0
Invocations    | 5 8 10 | 10.1

Action                   |  1- 3 |  4- 6 |  7- 9 | 10-12 || total
-------------------------+-------+-------+-------+-------++-------
Melee: War axe           |    87 |   156 |   130 |       ||   373
       Battleaxe         |       |       |   150 |   402 ||   552
 Abil: Heal Wounds       |     1 |     5 |    25 |    15 ||    46
Evoke: Wand              |       |       |       |     2 ||     2
  Use: Scroll            |       |       |     8 |     8 ||    16
       Potion            |       |       |       |     1 ||     1
  Eat: Chunk             |       |     2 |    13 |    11 ||    26
       Ration            |       |       |       |     4 ||     4
Armor: Scale mail        |    40 |    55 |   173 |    29 ||   297
       Chain mail        |       |       |       |   255 ||   255
Dodge: Dodged            |    35 |    71 |   168 |   348 ||   622
Block: Kite shield       |    50 |   111 |    90 |       ||   251

Table legend:
 A = Non-vault XP
 B = Vault XP
 C = Vault XP percentage of total XP
 D = Non-vault monster count
 E = Vault monster count
 F = Vault count percentage of total count
                 A         B        C        D         E       F
            +---------+---------+-------+---------+---------+-------
      Total |   18340 |    2703 |  12.8 |     243 |      46 |  15.9
            +---------+---------+-------+---------+---------+-------
        D:1 |       2 |       0 |   0.0 |       1 |       0 |   0.0
        D:2 |      29 |       0 |   0.0 |       9 |       0 |   0.0
        D:3 |      23 |       0 |   0.0 |       6 |       0 |   0.0
        D:4 |     588 |       1 |   0.2 |      23 |       1 |   4.2
        D:5 |     696 |     208 |  23.0 |      18 |       1 |   5.3
        D:6 |    1362 |       0 |   0.0 |      29 |       0 |   0.0
        D:7 |    1765 |       0 |   0.0 |      28 |       0 |   0.0
        D:8 |    2004 |     988 |  33.0 |      26 |       5 |  16.1
        D:9 |    2584 |     842 |  24.6 |      27 |      36 |  57.1
       D:10 |    2996 |     254 |   7.8 |      24 |       2 |   7.7
       D:11 |    6291 |     410 |   6.1 |      52 |       1 |   1.9
            +---------+---------+-------+---------+---------+-------
